 Dungeon Crawl Stone Soup version 0.25-a0-578-gc91f01c (webtiles) character file.

Game seed: 6761775501293278007, levelgen mode: deterministic

124 Faca the Firebug (level 5, 0/50 HPs)
             Began as an Ogre Fire Elementalist on Mar 6, 2020.
             Was an Initiate of Vehumet.
             Slain by an orc
             ... wielding a +0 trident
              (5 damage)
             ... on level 3 of the Dungeon.
             The game lasted 00:06:55 (2689 turns).

Faca the Firebug (Ogre Fire Elementalist)           Turns: 2689, Time: 00:06:56

Health: 0/50       AC:  3    Str: 12    XL:     5   Next: 8%
Magic:  0/10       EV: 10    Int: 17    God:    Vehumet [......]
Gold:   56         SH:  0    Dex:  9    Spells: 9/10 levels left

rFire    . . .     SeeInvis .   b - -1 short sword (curse)
rCold    . . .     Gourm    .   (no shield)
rNeg     . . .     Faith    .   a - +0 robe
rPois    .         Spirit   .   (helmet restricted)
rElec    .         Reflect  .   (no cloak)
rCorr    .         Harm     .   (gloves unavailable)
MR       .....                  (boots unavailable)
Stlth    +.........             (no amulet)
HPRegen  0.16/turn              (no ring)
MPRegen  0.12/turn              (no ring)

@: no status effects
A: large, unfitting armour, tough skin 1
a: Renounce Religion


You were on level 3 of the Dungeon.
You worshipped Vehumet.
Vehumet was noncommittal.
You were not hungry.

You visited 1 branch of the dungeon, and saw 3 of its levels.

You collected 56 gold pieces.

Inventory:

Hand Weapons
 b - a cursed -1 short sword (weapon)
 f - a +0 whip
Armour
 a - a +0 robe (worn)
Wands
 e - a wand of enslavement (8)
Scrolls
 i - a scroll of fog {unknown}
 j - a scroll of amnesia {unknown}
 l - 2 scrolls of magic mapping {unknown}
Potions
 d - a potion of lignification
 g - 2 potions of magic {unknown}
 m - a potion of cancellation {unknown}
Comestibles
 c - 7 rations


   Skills:
 + Level 2.7 Fighting
 - Level 0.3 Short Blades
 - Level 2.1 Dodging
 - Level 1.4 Stealth
 + Level 3.4 Spellcasting
 - Level 1.0 Conjurations
 + Level 3.7 Fire Magic


You had 9 spell levels left.
You knew the following spells:

 Your Spells              Type           Power        Failure   Level  Hunger
a - Foxfire               Conj/Fire      ##..         6%          1    None

Your spell library contained the following spells:

 Spells                   Type           Power        Failure   Level  Hunger
 Conjure Flame            Conj/Fire      ##......     19%         3    ###....
 Inner Flame              Hex/Fire       #.......     22%         3    ###....
 Sticky Flame             Conj/Fire      ##......     52%         4    ####...
 Fireball                 Conj/Fire      ##........   86%         5    ######.


Dungeon Overview and Level Annotations

Branches:
Dungeon (2/15)

Altars:
Ru
Vehumet


Innate Abilities, Weirdness & Mutations

You are too large for most types of armour.
You have tough skin. (AC +1)


Message History

The orc is moderately wounded.
The foxfire hits the orc but does no damage.
The orc is moderately wounded.
The orc throws a stone.
The stone hits you but does no damage.
Things that are here:
a stone; a +0 flail; a potion of curing
Casting: Foxfire (safe; 6% risk of failure)
Confirm with . or Enter, or press ? or * to list all spells.
You conjure some foxfire!
The foxfire hits the orc but does no damage.
The orc is moderately wounded.
The orc hits you with a +0 trident.
* * * LOW HITPOINT WARNING * * *
The foxfire hits the orc but does no damage.
The orc is moderately wounded.
You see here a stone.
You hit the orc but do no damage.
The orc is moderately wounded.
The orc hits you with a +0 trident.
You die...

.... #.. #..# #.# #..# .
#.# #..# #..
#.####..##....
#.##..........
#.##.#.)##.###
##.##.#..##...#
###@.((.(().....#
##§§(o..(.)......#
######.§###.#.......#...
#.......# #.#.#...### #.
#.####.(###o#.###...#
#..o...#...>...#
#.###.##.####....# #.
#.##.# .#### #. #.##.#
.#


You could see an orc.

Vanquished Creatures
  2 orc wizards
  An adder (D:2)
  A howler monkey skeleton (D:2)
  2 dart slugs
  2 leopard geckos (D:1)
  3 orcs (D:3)
  2 giant cockroaches (D:2)
  8 goblins
  2 hobgoblins (D:1)
  A jackal (D:2)
  A quokka (D:3)
  2 ball pythons (D:2)
  8 bats
  2 frilled lizards
  3 kobolds
  3 rats
43 creatures vanquished.

Vanquished Creatures (others)
  A kobold (D:2)
  80 foxfires
81 creatures vanquished.

Grand Total: 124 creatures vanquished

Notes
Turn   | Place    | Note
-------+----------+-------------------------------------------
     0 | D:1      | Faca the Ogre Fire Elementalist began the quest for the
                  | Orb.
     0 | D:1      | Reached XP level 1. HP: 16/16 MP: 3/3
   371 | D:1      | Reached XP level 2. HP: 8/24 MP: 2/5
  1269 | D:1      | Reached skill level 1 in Conjurations
  1269 | D:1      | Reached XP level 3. HP: 32/32 MP: 5/7
  1630 | D:2      | Reached skill level 1 in Fighting
  1969 | D:2      | Found a radiant altar of Vehumet.
  1989 | D:2      | Became a worshipper of Vehumet
  2259 | D:2      | Reached XP level 4. HP: 41/42 MP: 8/8
  2336 | D:2      | Found a sacrificial altar of Ru.
  2388 | D:2      | You fall into a shaft and drop 1 floor!
  2398 | D:3      | Reached XP level 5. HP: 7/50 MP: 3/10
  2477 | D:3      | HP: 1/50 [orc/cursed +0 falchion (3)]
  2689 | D:3      | Slain by an orc

Levels and vault maps discovered:
D:1:      matt_arrival_grand_opening, layout_basic
D:2:      layout_basic, led_sif_pool, fiery_altar_vehumet,
          nicolae_ru_great_annihilating_truth
D:3:      layout_loops_ring

Skill      XL: |  1  2  3  4 |
---------------+-------------+-----
Fire Magic     | 3 |  3.7
Dodging        | 2 |  2.1
Conjurations   | 1 |  1.0
Fighting       | 1 2 |  2.7
Spellcasting   | 3 |  3.4
Short Blades   | |  0.3
Stealth        | |  1.4

Action                   |  1- 3 |  4- 6 || total
-------------------------+-------+-------++-------
Melee: Short sword       |   123 |    27 ||   150
 Cast: Foxfire           |    20 |    28 ||    48
  Use: Scroll            |     3 |       ||     3
       Potion            |       |     1 ||     1
 Stab: Paralysed         |       |     1 ||     1
  Eat: Chunk             |     4 |     2 ||     6
Armor: Robe              |    46 |    10 ||    56
Dodge: Dodged            |    90 |    31 ||   121

Table legend:
 A = Non-vault XP
 B = Vault XP
 C = Vault XP percentage of total XP
 D = Non-vault monster count
 E = Vault monster count
 F = Vault count percentage of total count
                 A         B        C        D         E       F
            +---------+---------+-------+---------+---------+-------
      Total |     138 |      40 |  22.5 |      39 |       4 |   9.3
            +---------+---------+-------+---------+---------+-------
        D:1 |      42 |       0 |   0.0 |      23 |       0 |   0.0
        D:2 |      43 |      40 |  48.2 |      11 |       4 |  26.7
        D:3 |      53 |       0 |   0.0 |       5 |       0 |   0.0
            +---------+---------+-------+---------+---------+-------
